 Dungeon Crawl Stone Soup version 0.30-a0-881-g1ff12e1e11 (webtiles) character file.

Game seed: 3842178916749463896

99 PLAYERX the Changer (level 4, -6/32 HPs)
             Began as a Gnoll Wanderer on Mar 14, 2023.
             Killed by an exploding goblin (10 damage)
             ... ignited by their inner flame
             ... on level 3 of the Dungeon.
             The game lasted 00:08:37 (1439 turns).

PLAYERX the Changer (Gnoll Wanderer)                Turns: 1439, Time: 00:08:37

Health: -6/32      AC: 13    Str: 13    XL:     4   Next: 72%
Magic:  20/20      EV:  6    Int: 10    God:
Gold:   73         SH:  0    Dex: 15    Spells: 13/13 levels left

rFire   + . .      SeeInvis .    a - +1 spear (venom)
rCold   . . .      Faith    .    (no shield)
rNeg    . . .      Spirit   .    b - +2 chain mail "Forget-Me-Not" {rCorr MP+9 Str+2}
rPois   .          Reflect  .    (no helmet)
rElec   .          Rampage  .    (no cloak)
rCorr   +                        i - +1 pair of gloves
Will    .....                    (no boots) Stlth
                                 (no amulet)
HPRegen 0.25/turn                s - ring of protection from fire
MPRegen 0.17/turn                (no ring)

@: no status effects
A: fangs 1, strong nose, distributed training
a: no special abilities


You were on level 3 of the Dungeon.
You visited 1 branch of the dungeon, and saw 3 of its levels.

You collected 73 gold pieces.

Inventory:

Hand Weapons
 a - a +1 spear of venom (weapon)
Missiles
 d - 8 poisoned darts (quivered)
Armour
 b - the +2 chain mail "Forget-Me-Not" (worn) {rCorr MP+9 Str+2}
   (You found it on level 2 of the Dungeon)

   Str:       It affects your strength (+2).
   MP:        It affects your magic capacity (+9).
   rCorr:     It protects you from acid and corrosion.
 i - a +1 pair of gloves (worn)
Jewellery
 s - a ring of protection from fire (left hand)
Scrolls
 f - a scroll of noise {unknown}
 g - a scroll of magic mapping {unknown}
 k - a scroll of immolation
 l - a scroll of silence {unknown}
 o - a scroll of torment {unknown}
 p - a scroll of enchant armour
 q - a scroll of teleportation {unknown}
 r - a scroll of fear {unknown}
Potions
 c - a potion of brilliance
 e - a potion of degeneration {unknown}
 h - a potion of heal wounds {unknown}
 j - 2 potions of might {unknown}
 m - a potion of resistance {unknown}
 n - a potion of lignification {unknown}


   Skills:
 + Level 1.2 Fighting
 + Level 1.2 Short Blades
 + Level 1.2 Long Blades
 + Level 1.2 Axes
 + Level 1.2 Maces & Flails
 + Level 1.2 Polearms
 + Level 1.2 Staves
 + Level 1.2 Ranged Weapons
 + Level 2.8 Throwing
 + Level 2.8 Armour
 + Level 1.2 Dodging
 + Level 1.2 Stealth
 + Level 1.2 Shields
 + Level 1.2 Unarmed Combat
 + Level 5.1 Spellcasting
 + Level 1.0 Conjurations
 + Level 1.0 Hexes
 + Level 1.0 Summonings
 + Level 1.0 Necromancy
 + Level 1.0 Translocations
 + Level 7.1 Transmutations
 + Level 1.0 Fire Magic
 + Level 1.0 Ice Magic
 + Level 1.0 Air Magic
 + Level 1.0 Earth Magic
 + Level 2.3 Poison Magic
 + Level 1.4 Invocations
 + Level 2.8 Evocations


You had 13 spell levels left.
You didn't know any spells.
Your spell library contained the following spells:

 Spells                   Type           Power      Damage    Failure   Level
 Beastly Appendage        Tmut           32%        N/A       36%         1
 Sting                    Tmut/Pois      48%        1d5       69%         1
 Spider Form              Tmut/Pois      12%        N/A       96%         3
 Ignite Poison            Fire/Tmut/Pois 9%         N/A       99%         3
 Ice Form                 Ice/Tmut       10%        N/A       100%        4


Dungeon Overview and Level Annotations

Branches:
Dungeon (3/15)

Altars:


Innate Abilities, Weirdness & Mutations

You have very sharp teeth.
Your uncanny sense of smell can sniff out nearby items.
Your experience applies equally to all skills.


Message History

Your Ice Magic skill increases to level 1!
Your Air Magic skill increases to level 1!
Your Earth Magic skill increases to level 1!
You reach to attack!
You barely miss the endoplasm. You completely miss the endoplasm.
A scorpion comes into view.
The endoplasm hits you but does no damage.
You closely miss the goblin.
The endoplasm hits you but does no damage.
The goblin unwields a +0 sling.
The goblin wields a +0 dagger.
The goblin hits you but does no damage.
You closely miss the goblin.
The endoplasm hits you but does no damage.
The goblin hits you but does no damage.
You barely miss the goblin. The endoplasm freezes you.
You are frozen.
The goblin hits you with a +0 dagger.
You are too injured to fight recklessly!
You are too injured to fight recklessly!
You are too injured to fight recklessly!
As you read the scroll labelled KAEBERHUDYIC, it crumbles to dust.
It is a scroll of enchant armour.
Your +0 pair of gloves glows green for a moment.
The orc hits you with a +0 hand axe of electrocution.
The endoplasm barely misses you. The goblin hits you but does no damage.
As you read the scroll labelled SEVEVARHA, it crumbles to dust.
The creatures around you are filled with an inner flame!
It was a scroll of immolation.
The orc hits you with a +0 hand axe of electrocution.
* * * LOW HITPOINT WARNING * * *
The endoplasm freezes you.
You are frozen.
* * * LOW HITPOINT WARNING * * *
The goblin hits you but does no damage.
You hit the goblin.
Flame seeps out of the goblin.
The goblin is poisoned.
The goblin is severely wounded.
The goblin explodes!
The fiery explosion engulfs the quokka!!
The fiery explosion engulfs you! You resist.
You die...

PP~♣~#...<...#
P~~~~.......#.#
♣~~~♣.#.....#
~P~P..#.....#
~~.$......## ..#
~♣♣.........#...#
♣~............#.
~....§o§..........
.....§○@..#...#.##
#..#.§J##.....# #
#.)s #.###.# .....
... .# ....###
..## ## .... .##
... ..


You could see a scorpion (inner flame), an orc (inner flame) and an endoplasm
(inner flame).

Vanquished Creatures
  An orc priest (D:3)
  Natasha (D:3)
  2 worms (D:2)
  2 dart slugs (D:2)
  3 orcs (D:3)
  2 endoplasms
  4 giant cockroaches
  8 goblins
  2 kobolds
  A quokka (D:3)
  7 ball pythons
  A rat (D:3)
34 creatures vanquished.

Notes
Turn   | Place    | Note
-------+----------+-------------------------------------------
     0 | D:1      | PLAYERX the Gnoll Wanderer began the quest for the Orb.
     0 | D:1      | PLAYERX set off with the following items: a +0 dagger, 8
                  | poisoned darts, a potion of brilliance, a +0 robe; and the
                  | following spells available to memorise: Beastly Appendage,
                  | Sting, Spider Form, Ignite Poison, Ice Form.
     0 | D:1      | Reached XP level 1. HP: 13/13 MP: 6/6
   182 | D:1      | Reached XP level 2. HP: 19/19 MP: 7/7
   567 | D:2      | Identified the +2 chain mail "Forget-Me-Not" {rCorr MP+9
                  | Str+2}
   788 | D:2      | Reached skill level 5 in Spellcasting
   788 | D:2      | Reached XP level 3. HP: 25/25 MP: 9/9
   919 | D:2      | Reached skill level 1 in Invocations
  1401 | D:3      | Noticed Natasha
  1409 | D:3      | Killed Natasha
  1410 | D:3      | Reached skill level 1 in Fighting
  1410 | D:3      | Reached skill level 1 in Short Blades
  1410 | D:3      | Reached skill level 1 in Long Blades
  1410 | D:3      | Reached skill level 1 in Axes
  1410 | D:3      | Reached skill level 1 in Maces & Flails
  1410 | D:3      | Reached skill level 1 in Polearms
  1410 | D:3      | Reached skill level 1 in Staves
  1410 | D:3      | Reached skill level 1 in Ranged Weapons
  1410 | D:3      | Reached skill level 1 in Dodging
  1410 | D:3      | Reached skill level 1 in Stealth
  1410 | D:3      | Reached skill level 1 in Shields
  1410 | D:3      | Reached skill level 1 in Unarmed Combat
  1410 | D:3      | Reached XP level 4. HP: 24/32 MP: 11/11
  1432 | D:3      | Reached skill level 1 in Conjurations
  1432 | D:3      | Reached skill level 1 in Hexes
  1432 | D:3      | Reached skill level 1 in Summonings
  1432 | D:3      | Reached skill level 1 in Necromancy
  1432 | D:3      | Reached skill level 1 in Translocations
  1432 | D:3      | Reached skill level 1 in Fire Magic
  1432 | D:3      | Reached skill level 1 in Ice Magic
  1432 | D:3      | Reached skill level 1 in Air Magic
  1432 | D:3      | Reached skill level 1 in Earth Magic
  1433 | D:3      | Noticed a scorpion
  1439 | D:3      | Killed by an exploding goblin... ignited by their inner
                  | flame

Illustrated notes

Levels and vault maps discovered:
D:1:      denvon_arrival_hothouse, layout_rooms, minivault_25, hex_intersection,
          supply_closet_lemuel
D:2:      layout_loops_ring
D:3:      layout_basic, ebering_ecumenical_altar_box, serial_bayou,
          serial_bayou_crossing, serial_bayou_pond_d, serial_bayou_lake_a,
          nicolae_grassy_gnolls, uniq_crazy_yiuf_cottage, uniq_natasha,
          uniq_sigmund

Skill      XL: |  1  2  3  4 |
---------------+-------------+-----
Poison Magic   | 2 |  2.3
Spellcasting   | 5 |  5.1
Invocations    | 1 |  1.4
Fighting       | 1 |  1.2
Short Blades   | 1 |  1.2
Long Blades    | 1 |  1.2
Axes           | 1 |  1.2
Maces & Flails | 1 |  1.2
Polearms       | 1 |  1.2
Staves         | 1 |  1.2
Ranged Weapons | 1 |  1.2
Dodging        | 1 |  1.2
Stealth        | 1 |  1.2
Shields        | 1 |  1.2
Unarmed Combat | 1 |  1.2
Conjurations   | 1 |  1.0
Hexes          | 1 |  1.0
Summonings     | 1 |  1.0
Necromancy     | 1 |  1.0
Translocations | 1 |  1.0
Fire Magic     | 1 |  1.0
Ice Magic      | 1 |  1.0
Air Magic      | 1 |  1.0
Earth Magic    | 1 |  1.0
Throwing       | |  2.8
Armour         | |  2.8
Transmutations | |  7.1
Evocations     | |  2.8

Action                     |  1- 3 |  4- 6 || total
---------------------------+-------+-------++-------
  Melee: Dagger            |    41 |       ||    41
         Bite              |     3 |       ||     3
         Spear             |    43 |    15 ||    58
         Punch             |     1 |       ||     1
    Use: Scroll            |       |     2 ||     2
 Armour: Robe              |     4 |       ||     4
         Chain mail        |    12 |    13 ||    25
  Dodge: Dodged            |    24 |     1 ||    25

Table legend: (Time is in decaauts)
 A = Elapsed time spent in this place.
 B = Non-inter-level travel time spent in this place.
 C = Inter-level travel time spent in this place.
 D = Time resting spent in this place.
 E = Time spent auto-exploring this place.
 F = Levels seen in this place.
 G = Mean time per level.
                   A        B        C        D        E       F      G
               +--------+--------+--------+--------+--------+-----+--------+
         Total |   1439 |   1439 |      0 |     31 |    975 |   3 |  479.7 |
       Dungeon |   1439 |   1439 |      0 |     31 |    975 |   3 |  479.7 |
               +--------+--------+--------+--------+--------+-----+--------+

Top non-repeatable levels by time:
     D:2: 872 daAuts
     D:1: 525 daAuts
     D:3: 42 daAuts
